 Dungeon Crawl Stone Soup version 0.27-a0-1149-g4505690ab0 (webtiles) character file.

Game seed: 11320845366403917731

816 Lekart the Slasher (level 7, -1/63 HPs)
             Began as a White Draconian Chaos Knight on May 13, 2021.
             Was a Plaything of Xom.
             Slain by a scorpion (12 damage)
             ... on level 4 of the Dungeon.
             The game lasted 00:08:57 (4508 turns).

Lekart the Slasher (White Draconian Chaos Knight)   Turns: 4508, Time: 00:08:58

Health: -1/63      AC:  9    Str: 14      XL:     7   Next: 62%
Magic:  7/7        EV:  8    Int: 12      God:    Xom [*.....]
Gold:   164        SH:  0    Dex: 14 (15) Spells: 6/6 levels left

rFire    . . .     SeeInvis .   a - +0 falchion (chaos)
rCold    + . .     Faith    .   g - +0 tower shield
rNeg     . . .     Spirit   .   (armour unavailable)
rPois    .         Reflect  .   (helmet restricted)
rElec    .         Harm     .   b - +2 cloak
rCorr    .         Rampage  .   (no gloves)
Will     .....                  (no boots)
Stlth    +.........             (no amulet)
HPRegen  0.20/turn              (no ring)
MPRegen  0.10/turn              (no ring)

@: confused, mighty, brilliant, lethally poisoned (-1 -> -19)
A: breathe frost, AC +6, unfitting armour, cold resistance 1, cold-blooded,
beak, stinger 1, agile 1, subdued magic 1
a: Breathe Frost, Renounce Religion


You were on level 4 of the Dungeon.
You worshipped Xom.
You were a special plaything of Xom.
You visited 1 branch of the dungeon, and saw 4 of its levels.

You collected 206 gold pieces.
You spent 42 gold pieces at shops.

Inventory:

Hand Weapons
 a - a +0 falchion of chaos (weapon)
Missiles
 k - 7 javelins
Armour
 b - a +2 cloak (worn)
 g - a +0 tower shield (worn)
Jewellery
 d - a +6 ring of intelligence
 j - a ring of see invisible
Scrolls
 f - a scroll of magic mapping
Potions
 e - a potion of might
 h - a potion of flight {unknown}
 i - 4 potions of curing {unknown}


   Skills:
 * Level 6.0 Fighting
 + Level 6.2 Long Blades
 + Level 2.2 Throwing
 + Level 4.1 Dodging


You had 6 spell levels left.
You didn't know any spells.
Your spell library contained the following spells:

 Spells                   Type           Power      Damage    Failure   Level
 Confusing Touch          Hex            0%         N/A       100%        3
 Gell's Gravitas          Tloc           0%         N/A       100%        3
 Petrify                  Tmut/Erth      0%         N/A       100%        4
 Metabolic Englaciation   Hex/Ice        0%         N/A       100%        5
 Yara's Violent Unravell  Hex/Tmut       0%         3d3       100%        5


Dungeon Overview and Level Annotations

Branches:
Dungeon (4/15)
 Temple: D:4-7

Altars:
Gozag
Makhleb
Ru

Shops:
D:1 *   D:4 *

Annotations:
D:3 exclusion: downstairs


Innate Abilities, Weirdness & Mutations

You can breathe waves of freezing cold which knock back foes.
Your icy white scales are hard. (AC +6)
You cannot fit into any form of body armour.
Your flesh is cold resistant. (rC+)
You are cold-blooded and may be slowed by cold attacks.
You have a beak for a mouth.
Your tail ends in a poisonous barb.
You are agile. (Dex +2)
Your spells are a little easier to cast, but a little less powerful.


Message History

You block the scorpion's attack.
Your shield prevents you from hitting the scorpion.
The scorpion is lightly wounded.
You feel very sick. You block the scorpion's attack.
The scorpion stings you but does no damage.
You block the scorpion's attack.
You hit the scorpion. You freeze the scorpion.
The scorpion is lightly wounded.
You feel very sick.
Xom's power touches on your mind for a moment.
You are confused.
The scorpion barely misses you. The scorpion stings you.
The scorpion stings you but does no damage.
You are too confused!
You are too confused!
Unknown command.
Unknown command.
You are too confused!
You are too confused!
You bump into the rock wall.
You feel sick. The scorpion stings you!
You are more poisoned.
The scorpion poisons you!
You feel very sick.
The scorpion stings you but does no damage.
You feel very sick. The scorpion closely misses you.
It was a potion of brilliance.
You feel clever all of a sudden.
Xom thinks this is hilarious!
You feel sick. The scorpion stings you!
* * * LOW HITPOINT WARNING * * *
The scorpion barely misses you.
You feel very mighty all of a sudden.
You feel sick. The scorpion stings you.
* * * LOW HITPOINT WARNING * * *
You are lethally poisoned!
The scorpion poisons you! The scorpion stings you!
You die...
Xom chuckles heartily!

##### .#.## ###### ..... #.....
#.#.# # #.#### #.#.#.# #.....
#.#s#.# #.#### #..@..# ####.####
# #.#.### #........ #..####.#.#
#.##.#...
..........########.##.#...
..........................
......................#...
##..####...########.#...... ..
+............########.#..#...
...#.##...............##.#..#...


You could see a scorpion (berserk, agile).

Vanquished Creatures
  Eustachio (D:4)
  A water moccasin (D:4)
  An ogre (D:3)
  A phantom (D:4)
  2 scorpions (D:4)
  A wyvern zombie (D:4)
  Crazy Yiuf (D:2)
  Natasha (twice) (D:3)
  2 iguanas
  A hound skeleton (D:4)
  An adder (D:4)
  An ufetubus (D:4)
  An adder skeleton (D:4)
  3 worms
  A dart slug (D:1)
  2 orcs (D:4)
  8 ball pythons
  8 endoplasms
  4 giant cockroaches
  7 goblins
  8 hobgoblins
  6 jackals
  2 quokkas
  4 bats
  5 frilled lizards
  3 kobolds
  5 rats
82 creatures vanquished.

Notes
Turn   | Place    | Note
-------+----------+-------------------------------------------
     0 | D:1      | Lekart the Draconian Chaos Knight began the quest for the
                  | Orb.
     0 | D:1      | Reached XP level 1. HP: 19/19 MP: 1/1
   101 | D:1      | XOM: silly message
   158 | D:1      | Reached XP level 2. HP: 27/27 MP: 2/2
   427 | D:1      | XOM: silly message
   605 | D:1      | Found Usotap's General Store.
   614 | D:1      | Bought a scroll of magic mapping for 42 gold pieces
   736 | D:1      | XOM: silly message
   849 | D:2      | XOM: silly message
   886 | D:2      | Reached XP level 3. HP: 33/33 MP: 3/3
  1264 | D:2      | XOM: silly message
  1588 | D:2      | XOM: give mutations
  1588 | D:2      | Gained mutation: Your tail ends in a poisonous barb. [Xom's
                  | mischief]
  1588 | D:2      | Gained mutation: You have a beak for a mouth. [Xom's
                  | mischief]
  1588 | D:2      | Gained mutation: Your spells are a little easier to cast,
                  | but a little less powerful. [Xom's mischief]
  1591 | D:2      | Found a runed translucent door.
  1592 | D:2      | Noticed Crazy Yiuf
  1596 | D:2      | XOM: summons 1 hostile shadow creature
  1603 | D:2      | Killed Crazy Yiuf
  1604 | D:2      | Reached XP level 4. HP: 9/40 MP: 0/4
  1913 | D:2      | XOM: noise
  2804 | D:3      | Noticed an ogre
  2818 | D:3      | Killed an ogre
  2819 | D:3      | Reached skill level 1 in Throwing
  2819 | D:3      | Reached XP level 5. HP: 47/47 MP: 5/5
  2849 | D:3      | XOM: give mutations
  2849 | D:3      | Gained mutation: Your flesh is cold resistant. (rC+) [Xom's
                  | grace]
  2849 | D:3      | Gained mutation: You are agile. (Dex +2) [Xom's grace]
  2882 | D:3      | Noticed Natasha
  2888 | D:3      | Killed Natasha
  2974 | D:3      | Found a burning altar of Makhleb.
  3020 | D:3      | XOM: cloud trail
  3179 | D:4      | Found Jaewnych's Lightly-Used Armoury.
  3183 | D:4      | Noticed Eustachio
  3212 | D:4      | Reached skill level 5 in Fighting
  3212 | D:4      | Reached XP level 6. HP: 27/56 MP: 6/6
  3381 | D:3      | Noticed Natasha
  3391 | D:3      | Killed Natasha
  3504 | D:4      | Found an opulent altar of Gozag.
  3601 | D:4      | Noticed a water moccasin
  3606 | D:4      | Killed a water moccasin
  3607 | D:4      | Reached skill level 5 in Long Blades
  3638 | D:4      | Killed Eustachio
  3639 | D:4      | Your scales start taking on an icy white colour.
  3639 | D:4      | Reached XP level 7. HP: 56/61 MP: 7/7
  3639 | D:4      | Mutation became permanent: Your flesh is cold resistant.
                  | (rC+) [White Draconian growth]
  3639 | D:4      | Gained mutation: Your flesh is cold resistant. (rC+) [White
                  | Draconian growth]
  3890 | D:4      | XOM: summons 4 hostile demons
  4086 | D:4      | XOM: 4-stop teleportation journey
  4173 | D:4      | Found a sacrificial altar of Ru.
  4503 | D:4      | XOM: confusion
  4508 | D:4      | Slain by a scorpion

Illustrated notes

Levels and vault maps discovered:
D:1:      lightli_arrival_quake, layout_loops_cross, serial_shops, shop
D:2:      wander_river, layout_basic, st_stairs_12, kennysheep_crisscross,
          uniq_crazy_yiuf_cottage
D:3:      layout_loops_cross, lightli_temple_of_fire, kennysheep_small_spiral,
          uniq_natasha
D:4:      layout_basic, grunt_gozag_breadcrumbs, nicolae_overflow_hidden_temple,
          minmay_shop_damaged, minmay_checkerbox, uniq_eustachio

Skill      XL: |  1  2  3  4  5  6  7 |
---------------+----------------------+-----
Fighting       | 4 5 6 |  6.0
Long Blades    | 4 5 6 |  6.2
Throwing       | 1 2 |  2.2
Dodging        | 3 4 |  4.1

Action                   |  1- 3 |  4- 6 |  7- 9 || total
-------------------------+-------+-------+-------++-------
Melee: Falchion          |    64 |   101 |    56 ||   221
       Tailslap          |     9 |    12 |     6 ||    27
       Peck              |     2 |    15 |    16 ||    33
Throw: Javelin           |    22 |       |    15 ||    37
 Abil: Breathe Frost     |       |       |     2 ||     2
  Use: Potion            |     2 |     1 |     2 ||     5
       Scroll            |       |     2 |       ||     2
 Stab: Confused          |       |     1 |       ||     1
       Paralysed         |       |       |     4 ||     4
Armor: Skin              |    16 |    28 |    44 ||    88
Dodge: Dodged            |    35 |    68 |    89 ||   192
Block: Tower shield      |       |       |     4 ||     4
       Rpst.: Falchion   |    14 |    21 |    16 ||    51

Table legend: (Time is in decaauts)
 A = Elapsed time spent in this place.
 B = Non-inter-level travel time spent in this place.
 C = Inter-level travel time spent in this place.
 D = Time resting spent in this place.
 E = Time spent auto-exploring this place.
 F = Levels seen in this place.
 G = Mean time per level.
                   A        B        C        D        E       F      G
               +--------+--------+--------+--------+--------+-----+--------+
         Total |   4564 |   4387 |    177 |    608 |   3050 |   4 | 1141.0 |
       Dungeon |   4564 |   4387 |    177 |    608 |   3050 |   4 | 1141.0 |
               +--------+--------+--------+--------+--------+-----+--------+

Top non-repeatable levels by time:
     D:2: 1356 daAuts
     D:3: 1223 daAuts
     D:4: 1146 daAuts
     D:1: 838 daAuts
